 Dungeon Crawl Stone Soup version 0.29-a0-844-ge8845773e3 (webtiles) character file.

Game seed: 2968218013328694968

44 Ijustatesigmund the Stinger (level 3, -2/21 HPs)
             Began as an Octopode Venom Mage on July 15, 2022.
             Succumbed to a scorpion's poison
             ... on level 3 of the Dungeon.
             The game lasted 00:04:57 (2221 turns).

Ijustatesigmund the Stinger (Octopode Venom Mage)   Turns: 2221, Time: 00:04:57

Health: -2/21      AC:  1    Str:  6 (7)  XL:     3   Next: 62%
Magic:  2/6        EV: 13    Int: 16 (19) God:
Gold:   96         SH:  0    Dex:  9 (12) Spells: 0/6 levels left

rFire   . . .      SeeInvis .   b - +0 short sword
rCold   . . .      Faith    .   (no shield)
rNeg    . . .      Spirit   .   (helmet restricted)
rPois   .          Reflect  .   (no amulet)
rElec   .          Harm     .   (no ring)
rCorr   .          Rampage  .   (no ring)
Will    .....                   (no ring)
Stlth   +++.......              (no ring)
HPRegen 0.07/turn               (no ring)
MPRegen 0.10/turn               (no ring)
                                (no ring)
                                (no ring)

@: brilliant, lethally poisoned (-2 -> -12), weak-willed, attractive
A: almost no armour, amphibious, 8 rings, camouflage 1, gelatinous body 1,
(nimble swimmer 1), tentacles
a: no special abilities


You were on level 3 of the Dungeon.
You visited 1 branch of the dungeon, and saw 3 of its levels.

You collected 96 gold pieces.

Inventory:

Hand Weapons
 b - a +0 short sword (weapon)
Scrolls
 e - a scroll of fog
Potions
 a - 2 potions of magic
 c - a potion of curing {unknown}
 d - a potion of brilliance
 g - a potion of attraction


   Skills:
 - Level 2.0 Dodging
 - Level 2.6 Stealth
 - Level 2.0 Spellcasting
 + Level 0.6 Conjurations
 - Level 2.2 Transmutations
 + Level 1.6 Air Magic
 - Level 4.0 Poison Magic


You couldn't memorise any spells.
You knew the following spells:

 Your Spells              Type           Power      Damage    Failure   Level
a - Sting                 Tmut/Pois      68%        1d6       6%          1
b - Poisonous Vapours     Pois/Air       30%        N/A       10%         2
c - Mephitic Cloud        Conj/Pois/Air  12%        N/A       26%         3

Your spell library contained the following spells:

 Spells                   Type           Power      Damage    Failure   Level
 Olgreb's Toxic Radiance  Pois           21%        N/A       36%         4


Dungeon Overview and Level Annotations

Branches:
Dungeon (3/15)

Altars:


Innate Abilities, Weirdness & Mutations

You cannot wear most types of armour.
You are amphibious.
You can wear up to eight rings at the same time.
Your skin changes colour to match your surroundings (Stealth+).
Your rubbery body absorbs attacks. (AC +1, EV +1)
((You are camouflaged when in or above water. (Stealth+)))
You have tentacles for arms and can constrict up to eight enemies at once.


Message History

Aim: a scorpion Poisonous vapours surround the scorpion!
The scorpion is poisoned.
The scorpion stings you.
You are poisoned.
The scorpion poisons you!
Casting: Poisonous Vapours (safe; 9% risk of failure)
Confirm with . or Enter, or press ? or * to list all spells.
Aiming: Poisonous Vapours (safe; 9% risk of failure)
Press: ? - help, Dir - move target, f/p - scorpion
Aim: a scorpion (lightly wounded, poisoned) Poisonous vapours surround the scorpion!
The scorpion looks even sicker.
You feel sick. The scorpion stings you.
You are lethally poisoned!
The scorpion poisons you!
You hit the scorpion but do no damage. You grab the scorpion.
You squeeze the scorpion, but do no damage.
The scorpion is lightly wounded.
You constrict the scorpion, but do no damage.
You feel very sick. The scorpion closely misses you. x2
You are too injured to fight recklessly!
Unknown command.
It was a potion of brilliance.
You feel clever all of a sudden.
You hear the rusting of a drain nearby.
You constrict the scorpion, but do no damage.
* * * LOW HITPOINT WARNING * * *
You feel very sick. The scorpion barely misses you.
It was a potion of attraction.
You feel attractive to monsters.
You constrict the scorpion, but do no damage.
* * * LOW HITPOINT WARNING * * *
You feel very sick. The scorpion closely misses you.
It was a potion of degeneration.
There was something very wrong with that liquid.
You feel weakened.
You feel dopey.
You feel clumsy.
You constrict the scorpion.
You die...

.#.###.####.#
#.##.##
#.....# #.#
#.##..##
#####.# #.#
#.#.....
#...# #.#
#.#.###. #
#.#.# #.#
#...# #. ..
#.#.# #.#
###.###.
#.##.#.# .#
#.....
#....#.####
###.##
#.s@....# #.#
#...........#
#####)##
#.####.##.#.#
#....... ..
#.. .# #
#.###.## #
.... . ...#
.#.#. # #####
. ...# .#.#


You could see a scorpion (very poisoned).

Vanquished Creatures
  An orc (D:3)
  A bat (D:1)
  6 endoplasms
  A giant cockroach (D:1)
  3 goblins
  5 hobgoblins
  3 jackals (D:1)
  5 kobolds
  A quokka (D:1)
  6 ball pythons
  3 rats
35 creatures vanquished.

Notes
Turn   | Place    | Note
-------+----------+-------------------------------------------
     0 | D:1      | Ijustatesigmund the Octopode Venom Mage began the quest for
                  | the Orb.
     0 | D:1      | Reached XP level 1. HP: 11/11 MP: 3/3
     4 | D:1      | Noticed a death yak
   392 | D:1      | Reached XP level 2. HP: 10/17 MP: 0/5
   726 | D:1      | Reached skill level 4 in Poison Magic
  1024 | D:1      | Learned a level 2 spell: Poisonous Vapours
  1267 | D:1      | Reached XP level 3. HP: 18/21 MP: 6/6
  1421 | D:1      | Reached skill level 1 in Air Magic
  1631 | D:1      | Noticed a death yak
  1662 | D:1      | Learned a level 3 spell: Mephitic Cloud
  2018 | D:2      | You fall into a shaft and drop 1 floor!
  2214 | D:3      | Noticed a scorpion
  2220 | D:3      | HP: 1/21 [poisoned by a scorpion]
  2221 | D:3      | Succumbed to a scorpion's poison

Illustrated notes

Levels and vault maps discovered:
D:1:      sevenhm_arrival_forest_fort_small_2, layout_basic, hex_intersection
D:2:      layout_basic, basic_altar
D:3:      layout_loops_ring, gup_sewer_entry_glass

Skill      XL: |  1  2  3 |
---------------+----------+-----
Transmutations | 2 |  2.2
Poison Magic   | 4 |  4.0
Air Magic      | 1 |  1.6
Dodging        | |  2.0
Stealth        | |  2.6
Spellcasting   | |  2.0
Conjurations   | |  0.6

Action                   || total
-------------------------++-------
Melee: Whip              ||    13
       Constrict         ||    18
       Short sword       ||    42
       Tentacles         ||    19
 Cast: Sting             ||    11
       Poisonous Vapours ||    11
  Use: Scroll            ||     6
       Potion            ||     3
 Stab: Sleeping          ||     2
Armor: Skin              ||     2
Dodge: Dodged            ||    45

Table legend: (Time is in decaauts)
 A = Elapsed time spent in this place.
 B = Non-inter-level travel time spent in this place.
 C = Inter-level travel time spent in this place.
 D = Time resting spent in this place.
 E = Time spent auto-exploring this place.
 F = Levels seen in this place.
 G = Mean time per level.
                   A        B        C        D        E       F      G
               +--------+--------+--------+--------+--------+-----+--------+
         Total |   2225 |   2197 |     28 |   1012 |    865 |   3 |  741.7 |
       Dungeon |   2225 |   2197 |     28 |   1012 |    865 |   3 |  741.7 |
               +--------+--------+--------+--------+--------+-----+--------+

Top non-repeatable levels by time:
     D:1: 1693 daAuts
     D:2: 328 daAuts
     D:3: 203 daAuts
